 Dungeon Crawl Stone Soup version 0.24-a0-441-g27f0392e16 (webtiles) character file.

Game seed: 8717741605049601839

3356 KristoblXynda the Carver (level 9, -5/79 HPs)
             Began as a Yellow Draconian Gladiator on June 19, 2019.
             Was a Priest of Cheibriados.
             Slain by a killer bee (7 damage)
             ... on level 8 of the Dungeon.
             The game lasted 00:11:09 (7171 turns).

KristoblXynda the Carver (DrGl)                     Turns: 7171, Time: 00:11:10

Health: -5/79      AC: 10    Str: 24 (25) XL:     9   Next: 73%
Magic:  13/13      EV: 16    Int: 15 (18) God:    Cheibriados [***...]
Gold:   337        SH:  5    Dex: 16 (19) Spells: 8/8 levels left

rFire    + . .     SeeInvis .   u - +1 long sword (holy)
rCold    . . .     Gourm    .   A - +0 buckler (curse)
rNeg     . . .     Faith    .   (armour unavailable)
rPois    .         Spirit   .   b - +0 hat
rElec    .         Reflect  .   x - scarf {repulsion}
rCorr    +         Harm     .   j - +2 pair of gloves
MR       .....                  (no boots)
Stlth    +.........             (no amulet)
HPRegen  0.23/turn              q - ring of protection from fire
MPRegen  0.13/turn              (no ring)

@: lethally poisoned (-5 -> -13), about to teleport, repel missiles, very slow
A: spit acid, unfitting armour, cold-blooded, acid resistance, AC +7
a: Breathe Acid, Bend Time, Temporal Distortion, Renounce Religion


You were on level 8 of the Dungeon.
You worshipped Cheibriados.
Cheibriados was most pleased with you.
You were hungry.

You visited 2 branches of the dungeon, and saw 9 of its levels.

You collected 337 gold pieces.

Inventory:

Hand Weapons
 u - a +1 long sword of holy wrath (weapon)
Missiles
 c - 5 throwing nets (quivered)
Armour
 b - a +0 hat (worn)
 j - a +2 pair of gloves (worn)
 x - a scarf of repulsion (worn)
 A - a cursed +0 buckler (worn)
 B - a +0 cloak
Jewellery
 q - a ring of protection from fire (left hand)
Scrolls
 a - a scroll of immolation {unknown}
 e - 2 scrolls of fear
 g - 2 scrolls of amnesia
 h - a scroll of remove curse
 p - a scroll of blinking {unknown}
 t - a scroll of noise {unknown}
 v - a scroll of magic mapping {unknown}
 y - 2 scrolls of fog {unknown}
 z - a scroll of enchant weapon {unknown}
Potions
 f - 2 potions of invisibility {unknown}
 i - 2 potions of ambrosia
 k - 2 potions of mutation
 l - 2 potions of heal wounds
 o - 2 potions of curing
 r - 2 potions of flight
 s - a potion of berserk rage {unknown}
 C - a potion of brilliance {unknown}
Comestibles
 d - 12 rations


   Skills:
 + Level 7.3 Fighting
 + Level 8.2 Long Blades
 - Level 2.0 Throwing
 + Level 6.5 Dodging
 - Level 4.0 Shields
 + Level 5.8 Invocations


You had 8 spell levels left.
You didn't know any spells.
Your spell library was empty.

Dungeon Overview and Level Annotations

Branches:
Dungeon (7/15)             Temple (1/1) D:5

Altars:
Cheibriados
Dithmenos
Elyvilon
Fedhas
Gozag
Hepliaklqana
Kikubaaqudgha
Makhleb
Nemelex Xobeh
Okawaru
Qazlal
Sif Muna
Vehumet
Wu Jian
Xom
Yredelemnul
Zin
The Shining One
Jiyva

Shops:
D:5 }(=


Innate Abilities, Weirdness & Mutations

You can spit globs of acid.
Your golden yellow scales are hard. (AC +7)
You cannot fit into any form of body armour.
You are cold-blooded and may be slowed by cold attacks.
You are resistant to acid. (rCorr)


Message History

The killer bee is almost dead.
The killer bee closely misses you.
The sentinel's mark upon you fades away.
You feel sick. The killer bee misses you.
The killer bee rages.
The killer bee misses you.
You riposte.
You closely miss the killer bee. You tail-slap the killer bee.
The killer bee is almost dead.
You block the killer bee's attack.
The killer bee rages.
The killer bee misses you.
You riposte.
You barely miss the killer bee.
The killer bee is almost dead.
The killer bee rages.
The killer bee stings you.
* * * LOW HITPOINT WARNING * * *
The killer bee stings you!
* * * LOW HITPOINT WARNING * * *
You are lethally poisoned!
The killer bee poisons you! The killer bee stings you!
You die... yo. ###yP .yy

#####)####..
#yK(K.yK....
#.###y####.#
#y# .# #.#
#y# .# #.#
#@# .# #.#
#.# .# #.#
#.# .# #.#
#.# #.####.#
#.# #......#
#.# ######.#
#.########.#
#..........#
############


You could see a queen bee, 2 killer bees and a kobold.

Vanquished Creatures
  Harold (D:8)
  2 hippogriffs (D:6)
  Eustachio (D:6)
  Edmund (D:4)
  3 orc warriors
  An ice beast (D:7)
  2 ogres
  2 centaurs
  A big kobold (D:8)
  3 bullfrogs (D:6)
  2 jellies
  2 scorpions (D:6)
  2 killer bees (D:8)
  3 crimson imps
  2 hounds
  6 orc wizards
  4 orc priests
  A centaur skeleton (D:7)
  4 worker ants
  2 howler monkey skeletons
  8 gnolls
  7 adders
  2 oozes
  An adder skeleton (D:4)
  4 worms
  A dart slug (D:2)
  4 leopard geckos
  29 orcs
  A bat (D:3)
  A giant cockroach (D:3)
  4 goblins
  3 hobgoblins
  4 jackals (D:4)
  A quokka (D:4)
  A ball python (D:3)
  2 frilled lizards
  A jackal skeleton (D:4)
  5 kobolds
  2 leopard gecko skeletons
  A quokka zombie (D:5)
  4 rats
  A spectral orc (D:4)
132 creatures vanquished.

Vanquished Creatures (others)
  An orc wizard (D:7)
  A plant (D:8)
2 creatures vanquished.

Grand Total: 134 creatures vanquished

Notes
Turn   | Place    | Note
-------+----------+-------------------------------------------
     0 | D:1      | KristoblXynda the Draconian Gladiator began the quest for
                  | the Orb.
     0 | D:1      | Reached XP level 1. HP: 17/17 MP: 1/1
   981 | D:2      | Found a glowing silver altar of Zin.
   982 | D:2      | Reached XP level 2. HP: 24/24 MP: 2/2
  1085 | D:2      | You fall into a shaft and drop 1 floor!
  1153 | D:3      | Reached XP level 3. HP: 27/30 MP: 3/3
  2342 | D:2      | Reached skill level 4 in Long Blades
  2722 | D:4      | Reached XP level 4. HP: 35/37 MP: 4/4
  2768 | D:4      | Noticed Edmund
  3041 | D:4      | Reached XP level 5. HP: 34/45 MP: 5/5
  3396 | D:4      | Noticed a centaur
  3404 | D:4      | Killed a centaur
  3404 | D:4      | Reached skill level 5 in Long Blades
  3616 | D:4      | Found a shimmering altar of Xom.
  3616 | D:4      | Found a snail-covered altar of Cheibriados.
  3656 | D:4      | Reached XP level 6. HP: 52/52 MP: 6/6
  3721 | D:4      | Became a worshipper of Cheibriados the Contemplative
  3776 | D:4      | Killed Edmund
  4249 | D:4      | Found a basalt altar of Yredelemnul.
  4464 | D:5      | Entered Level 5 of the Dungeon
  4524 | D:5      | Found Toritute's Jewellery Boutique.
  4555 | D:5      | Found a staircase to the Ecumenical Temple.
  4570 | Temple   | Entered the Ecumenical Temple
  4718 | D:5      | Found Raujye's Weapon Boutique.
  4725 | D:5      | Found Kuenehetz's Gadget Shoppe.
  4754 | D:5      | Found a sparkling altar of Nemelex Xobeh.
  4796 | D:5      | Reached skill level 1 in Invocations
  4954 | D:5      | Found an ornate altar of the Wu Jian Council.
  5010 | D:5      | Found a white marble altar of Elyvilon.
  5214 | D:6      | Reached * piety under Cheibriados
  5214 | D:6      | Reached skill level 6 in Long Blades
  5214 | D:6      | Your scales start taking on a golden yellow colour.
  5214 | D:6      | Reached XP level 7. HP: 46/60 MP: 7/7
  5214 | D:6      | Gained mutation: You are resistant to acid. (rCorr) [Yellow
                  | Draconian growth]
  5558 | D:6      | Reached skill level 1 in Shields
  5559 | D:6      | Noticed Eustachio
  5585 | D:6      | Killed Eustachio
  5585 | D:6      | Reached skill level 5 in Fighting
  5625 | D:6      | Reached XP level 8. HP: 53/68 MP: 8/10
  5748 | D:6      | Reached skill level 5 in Dodging
  5776 | D:6      | Found a sparkling altar of Nemelex Xobeh.
  5821 | D:6      | Noticed a hippogriff
  5827 | D:6      | Killed a hippogriff
  5827 | D:6      | Reached skill level 7 in Long Blades
  5874 | D:6      | Reached ** piety under Cheibriados
  5952 | D:6      | Noticed a hippogriff
  5964 | D:6      | Killed a hippogriff
  6395 | D:6      | Found an ancient bone altar of Kikubaaqudgha.
  6590 | D:7      | Found a deep blue altar of Sif Muna.
  6648 | D:7      | Reached XP level 9. HP: 47/75 MP: 12/12
  6799 | D:7      | Found a snail-covered altar of Cheibriados.
  6858 | D:7      | Reached *** piety under Cheibriados
  7085 | D:7      | You fall into a shaft and drop 1 floor!
  7108 | D:8      | Found a blossoming altar of Fedhas.
  7110 | D:8      | Noticed Harold
  7142 | D:8      | Killed Harold
  7142 | D:8      | Reached skill level 8 in Long Blades
  7142 | D:8      | Reached skill level 5 in Invocations
  7160 | D:8      | Noticed a queen bee
  7171 | D:8      | HP: 2/79 [killer bee (13)]
  7171 | D:8      | Slain by a killer bee

Levels and vault maps discovered:
D:1:      giann_horns, layout_basic
D:2:      layout_rooms, nicolae_overflow_crystal_walls
D:3:      layout_basic
D:4:      layout_cave_pods, yredelemnul_forgotten_temple_becter,
          gammafunk_temple_overflow_wave, uniq_edmund
D:5:      layout_loops_ring, nemelex_xobeh_ov_fountains_minmay, kennysheep_mini,
          overflow_temple_1_default, minmay_temple_entry_proselytizer,
          first_ration, serial_shops, nicolae_shop_competitors_out_of_business,
          shop_fountains, nicolae_shop_stone
D:6:      layout_gridville, basic_altar, nemelex_dance_club_becter,
          uniq_eustachio
D:7:      layout_cave_pools, marbit_many_paths, cheibriados_altar_1
D:8:      layout_loops_ring, fedhas_altar_1, lair_entry_dummy, david_nohive_1,
          minmay_large_rounded_square, uniq_erica, uniq_harold
Temple:   pf_slimified_temple

Skill      XL: |  1  2  3  4  5  6  7  8  9 |
---------------+----------------------------+-----
Throwing       | 2 |  2.0
Dodging        | 3 4 5 6 |  6.5
Long Blades    | 4 5 6 7 8 |  8.2
Fighting       | 3 4 5 6 7 |  7.3
Invocations    | 1 2 4 5 |  5.8
Shields        | 1 3 4 |  4.0

Action                   |  1- 3 |  4- 6 |  7- 9 || total
-------------------------+-------+-------+-------++-------
Melee: Long sword        |    78 |   156 |   214 ||   448
       Tailslap          |    18 |    22 |    57 ||    97
 Abil: Breathe Acid      |       |       |    11 ||    11
  Use: Scroll            |       |     6 |     6 ||    12
       Potion            |       |       |     3 ||     3
 Stab: Sleeping          |     1 |       |     1 ||     2
  Eat: Chunk             |     5 |     5 |     6 ||    16
       Ration            |       |     1 |       ||     1
Armor: Skin              |    18 |    55 |    73 ||   146
Dodge: Dodged            |    55 |   110 |   194 ||   359
       Deflected         |       |     2 |     7 ||     9
Block: Buckler           |       |       |    60 ||    60
       Rpst.: Long sword |    13 |    36 |    50 ||    99

Table legend:
 A = Non-vault XP
 B = Vault XP
 C = Vault XP percentage of total XP
 D = Non-vault monster count
 E = Vault monster count
 F = Vault count percentage of total count
                 A         B        C        D         E       F
            +---------+---------+-------+---------+---------+-------
      Total |    3152 |    1643 |  34.3 |     123 |      10 |   7.5
            +---------+---------+-------+---------+---------+-------
        D:1 |       8 |       0 |   0.0 |       5 |       0 |   0.0
        D:2 |      27 |       0 |   0.0 |      10 |       0 |   0.0
        D:3 |      50 |       0 |   0.0 |      12 |       0 |   0.0
        D:4 |     307 |     159 |  34.1 |      22 |       2 |   8.3
        D:5 |     118 |      41 |  25.8 |       9 |       1 |  10.0
        D:6 |    1569 |     321 |  17.0 |      33 |       3 |   8.3
        D:7 |     807 |      35 |   4.2 |      26 |       1 |   3.7
        D:8 |     266 |    1087 |  80.3 |       6 |       3 |  33.3
            +---------+---------+-------+---------+---------+-------
